 Dungeon Crawl Stone Soup version 0.29-a0-551-gffc1d7fb78 (webtiles) character file.

Game seed: 12203326092764601623

10 Crownlay the Vandal (level 2, 1/1 (23) HPs)
             Began as a Meteoran Wanderer on June 5, 2022.
             Tarried too long and was consumed by Zot
             ... on level 1 of the Dungeon.
             The game lasted 00:01:49 (1194 turns).

Crownlay the Vandal (Meteoran Wanderer)             Turns: 1194, Time: 00:01:50

HP:   1/1 (23)      AC:  3    Str: 12    XL:     2   Next: 47%
MP:   5/5           EV: 12    Int: 16    God:
Gold: 0             SH:  0    Dex: 11    Spells: 3/4 levels left

rFire   . . .      SeeInvis .   a - +2 hunting sling
rCold   . . .      Faith    .   (no shield)
rNeg    . . .      Spirit   .   d - +0 robe
rPois   .          Reflect  .   (no helmet)
rElec   .          Harm     .   b - +0 cloak
rCorr   .          Rampage  .   (no gloves)
Will    .....                   (no boots)
Stlth   +.........              (no amulet)
HPRegen 0.01/turn               (no ring)
MPRegen 0.09/turn               (no ring)

@: glowing, extremely drained, bezotted
A: sense surroundings 1, otherworldly, glowing, explore regen
a: no special abilities


You were on level 1 of the Dungeon.
You visited 1 branch of the dungeon, and saw 1 of its levels.

Inventory:

Hand Weapons
 a - a +2 hunting sling (weapon)
Armour
 b - a +0 cloak (worn)
 d - a +0 robe (worn)
Scrolls
 g - a scroll of fear {unknown}
Potions
 c - a potion of berserk rage
 e - a potion of haste {unknown}
 f - a potion of lignification {unknown}


   Skills:
 + Level 1.4 Fighting
 + Level 3.3(3.5) Slings
 + Level 1.4(2.8) Throwing
 + Level 2.6 Dodging
 + Level 1.1 Stealth
 + Level 1.7 Spellcasting
 + Level 1.4 Conjurations


You had 3 spell levels left.
You knew the following spells:

 Your Spells              Type           Power      Damage    Failure   Level
a - Shock                 Conj/Air       12%        1d3       16%         1

Your spell library contained the following spells:

 Spells                   Type           Power      Damage    Failure   Level
 Mephitic Cloud           Conj/Pois/Air  2%         N/A       47%         3


Dungeon Overview and Level Annotations

Branches:
Dungeon (1/15)

Altars:


Innate Abilities, Weirdness & Mutations

You passively map a small area around you.
You are easily found by Zot.
You glow in the dark.
You regain HP and MP as you explore.


Message History

You have lingered too long.
Zot senses you.
Dive deeper or flee this branch before you suffer!
Really rest while Zot is near?
You start waiting.
Zot draws nearer.
Dive deeper or flee this branch before you suffer!
Zot has nearly found you. suffering is approaching.
Descend or flee this branch!
There is a staircase leading out of the dungeon here.
Zot's power touches on you...
You feel drained.
There is a staircase leading out of the dungeon here.
There is a staircase leading out of the dungeon here.
You start waiting.
You have lingered too long.
Zot senses you.
Dive deeper or flee this branch before you suffer!
Really rest while Zot is near?
You start waiting.
Zot draws nearer.
Dive deeper or flee this branch before you suffer!
Really rest while Zot is near?
You start waiting.
Zot has nearly found you. suffering is approaching.
Descend or flee this branch!
Zot's power touches on you...
You feel drained.
You start waiting.
Done waiting.
You have lingered too long.
Zot senses you.
Dive deeper or flee this branch before you suffer!
Really rest while Zot is near?
You start waiting.
Zot draws nearer.
Dive deeper or flee this branch before you suffer!
Really rest while Zot is near?
You start waiting.
Zot has nearly found you. suffering is approaching.
Descend or flee this branch!
Zot's power touches on you...
You feel drained.
You start waiting.
Done waiting.
You start waiting.
You have lingered too long.
Zot senses you.
Dive deeper or flee this branch before you perish!
Really rest while Zot is near?
You start waiting.
Zot draws nearer.
Dive deeper or flee this branch before you perish!
Really rest while Zot is near?
You start waiting.
Zot has nearly found you. death is approaching.
Descend or flee this branch!
Zot touches you for a single instant, and you cease to be.
You die...

..............###.........#######
.............# ##...............
.............# #........#######
.....#.......## ##........#
....##........###.........# ##+#
.........................## #...≈
##.##...###.........###..# #.###
#. #..## ##.......## ##.# ,
#.*#..# #...<@..# #.# * #..##
##.......## ##.# *,
#...###.........###..# ,
#....................#
#.........###........## *
#........## ##........# *
#........# #........# * *
..........## ##........#
###.........###)........# ,


There were no monsters in sight!

Vanquished Creatures
  An endoplasm (D:1)
  A giant cockroach (D:1)
  A hobgoblin (D:1)
  A quokka (D:1)
  A ball python (D:1)
  A bat (D:1)
  A frilled lizard (D:1)
  2 kobolds (D:1)
  A rat (D:1)
10 creatures vanquished.

Notes
Turn   | Place    | Note
-------+----------+-------------------------------------------
     0 | D:1      | Crownlay the Meteoran Wanderer began the quest for the Orb.
     0 | D:1      | Crownlay set off with the following items: a +2 hunting
                  | sling, a +0 cloak, a potion of berserk rage, a +0 robe; and
                  | the following spell memorised: Shock; and the following
                  | spells available to memorise: Mephitic Cloud
     0 | D:1      | Reached XP level 1. HP: 16/16 MP: 3/3
    68 | D:1      | Reached XP level 2. HP: 23/23 MP: 3/5
   494 | D:1      | Glimpsed the power of Zot.
   544 | D:1      | Glimpsed the power of Zot.
   584 | D:1      | Glimpsed the power of Zot.
   593 | D:1      | Glimpsed the power of Zot.
   594 | D:1      | Touched by the power of Zot.
   695 | D:1      | Glimpsed the power of Zot.
   745 | D:1      | Glimpsed the power of Zot.
   785 | D:1      | Glimpsed the power of Zot.
   794 | D:1      | Touched by the power of Zot.
   895 | D:1      | Glimpsed the power of Zot.
   945 | D:1      | Glimpsed the power of Zot.
   985 | D:1      | Glimpsed the power of Zot.
   994 | D:1      | Touched by the power of Zot.
  1095 | D:1      | Glimpsed the power of Zot.
  1145 | D:1      | Glimpsed the power of Zot.
  1185 | D:1      | Glimpsed the power of Zot.
  1194 | D:1      | Tarried too long and was consumed by Zot

Illustrated notes

Levels and vault maps discovered:
D:1:      minmay_arrival_four_circles, layout_loops_ring,
          grunt_decor_resistance, corexii_corridor_pit,
          chequers_serial_rivers_marsh, chequers_jeans

Action                   || total
-------------------------++-------
 Fire: Hunting sling     ||    17
Dodge: Dodged            ||     2

Table legend: (Time is in decaauts)
 A = Elapsed time spent in this place.
 B = Non-inter-level travel time spent in this place.
 C = Inter-level travel time spent in this place.
 D = Time resting spent in this place.
 E = Time spent auto-exploring this place.
 F = Levels seen in this place.
 G = Mean time per level.
                   A        B        C        D        E       F      G
               +--------+--------+--------+--------+--------+-----+--------+
         Total |   1199 |   1199 |      0 |    981 |     95 |   1 | 1199.0 |
       Dungeon |   1199 |   1199 |      0 |    981 |     95 |   1 | 1199.0 |
               +--------+--------+--------+--------+--------+-----+--------+

Top non-repeatable levels by time:
     D:1: 1199 daAuts
